 Dungeon Crawl Stone Soup version 0.23-a0-164-g7711e57 (webtiles) character file.

205 Amnesiac the Chiller (level 5, -2/37 HPs)
             Began as a Mummy Ice Elementalist on Sept 9, 2018.
             Slain by an orc
             ... wielding a +0 spear
              (4 damage)
             ... on level 4 of the Dungeon.
             The game lasted 00:03:30 (1270 turns).

Amnesiac the Chiller (Mummy Ice Elementalist)       Turns: 1270, Time: 00:03:31

Health: -2/37      AC:  5    Str: 11    XL:     5   Next: 53%
Magic:  10/11      EV: 10    Int: 16    God:
Gold:   70         SH:  0    Dex: 12    Spells: 7/12 levels left

rFire    x . .     SeeInvis .   a - +0 long sword (elec)
rCold    + . .     Gourm    .   (no shield)
rNeg     + + +     Faith    .   d - +0 ring mail
rPois    ∞         Spirit   .   (no helmet)
rElec    .         Reflect  .   (no cloak)
rCorr    .         Harm     .   (no gloves)
MR       .....                  (no boots)
Stlth    +.........             (no amulet)
HPRegen  0.12/turn              c - ring of wizardry
MPRegen  0.12/turn              (no ring)

@: no status effects
A: no food or potions, fire vulnerability, cold resistance 1, negative energy
resistance 3, torment resistance, unbreathing
a: no special abilities


You were on level 4 of the Dungeon.
You were not hungry.

You visited 1 branch of the dungeon, and saw 5 of its levels.

You collected 70 gold pieces.

Inventory:

Hand Weapons
 a - a +0 long sword of electrocution (weapon)
 b - a +2 trident of venom
Armour
 d - a +0 ring mail (worn)
 g - a +0 robe
Jewellery
 c - a ring of wizardry (left hand)
Scrolls
 e - a scroll of identify {!r}
 f - a scroll of magic mapping {!r, unknown}
 h - a scroll of teleportation {!r}
 i - 2 scrolls of fog {!r, unknown}


   Skills:
 - Level 1.2 Fighting
 - Level 1.5 Dodging
 - Level 1.5 Stealth
 + Level 4.3 Spellcasting
 - Level 0.7 Conjurations
 * Level 4.4 Ice Magic


You had 7 spell levels left.
You knew the following spells:

 Your Spells              Type           Power        Failure   Level  Hunger
a - Freeze                Ice            ###.         2%          1    N/A
d - Throw Icicle          Conj/Ice       ##......     45%         4    N/A

Your spell library contained the following spells:

 Spells                   Type           Power        Failure   Level  Hunger
 Throw Frost              Conj/Ice       ##....       9%          2    N/A
 Confusing Touch          Hex            #.....       16%         1    N/A
 Ozocubu's Armour         Chrm/Ice       ##......     19%         3    N/A
 Confuse                  Hex            #.......     41%         3    N/A
 Gell's Gravitas          Tloc           #.........   41%         3    N/A
 Summon Ice Beast         Ice/Summ       ##......     52%         4    N/A
 Petrify                  Tmut/Erth      #.......     80%         4    N/A
 Metabolic Englaciation   Hex/Ice        ##........   85%         5    N/A
 Yara's Violent Unravell  Hex/Tmut       #.........   98%         5    N/A

Dungeon Overview and Level Annotations

Branches:
Dungeon (5/15)
 Temple: D:4-7

Altars:
Uskayaw

Shops:
D:5 [

Annotations:
D:4 Ijyb
D:5 Grinder


Innate Abilities, Weirdness & Mutations

You do not eat or drink.
Your flesh is vulnerable to fire.
You are immune to poison.
Your flesh is cold resistant. (rC+)
You are immune to negative energy. (rN+++)
You are immune to unholy pain and torment.
You can survive without breathing.


Message History

You climb upwards.
Level annotation: Grinder, Ijyb
There is a stone staircase leading down here.
Grinder misses you.
You riposte.
You closely miss Grinder. Grinder hits you.
You climb downwards.
There is a stone staircase leading up here.
You hit Grinder.
Grinder is lightly wounded.
Grinder hits you but does no damage.
You hit Grinder.
Grinder is lightly wounded.
Grinder hits you but does no damage.
You barely miss Grinder.
Grinder is lightly wounded.
Grinder hits you. Grinder hits you!
You closely miss Grinder.
Grinder is lightly wounded.
Grinder hits you.
* * * LOW HITPOINT WARNING * * *
You slash Grinder!
Grinder is moderately wounded.
Grinder barely misses you. Grinder gestures at you.
You resist with some effort. As you open the door, it creaks loudly!
Grinder closely misses you.
You hit Grinder but do no damage.
Grinder is moderately wounded.
Grinder misses you.
You riposte.
You hit Grinder.
Grinder is heavily wounded.
You hit Grinder but do no damage.
Grinder is heavily wounded.
Grinder hits you.
* * * LOW HITPOINT WARNING * * *
You hit Grinder.
Grinder is heavily wounded.
Grinder hits you.
* * * LOW HITPOINT WARNING * * *
Grinder misses you.
You riposte.
You completely miss Grinder.
Grinder is heavily wounded.
There is an open door here.
You open the door. Grinder hits you but does no damage.
There is an open door here.
There is a stone staircase leading up here.
You climb upwards.
Level annotation: Ijyb
There is a stone staircase leading down here.
You start resting.
An orc comes into view. It is wielding a spear.
You start resting.
The orc is too close now for your liking.
The orc shouts!
The orc hits you with a spear.
* * * LOW HITPOINT WARNING * * *
Casting: Freeze (safe; 2% risk of failure)
Confirm with . or Enter, or press ? or * to list all spells.
Aiming: Freeze (safe; 2% risk of failure)
Press: ? - help, Shift-Dir - straight line, f - orc
Aim: an orc, wielding a spear You freeze the orc.
The orc is severely wounded.
The orc hits you with a spear.
You die...

### #.. #.# #.# #.#
####.###.##
#>..........
#.@..###.###
#######o######.####
#..................
#.###.......<...#
#.###...........##..
#.................#
####......o....##.#
#.#.....##.##
#..<.....#.#


You could see an orc.

Vanquished Creatures
  A howler monkey (D:5)
  A hound (D:5)
  A bullfrog skeleton (D:4)
  A worker ant zombie (D:5)
  5 adders
  2 oozes
  An adder zombie (D:5)
  2 leopard geckos
  9 orcs
  2 bats
  2 hobgoblins
  3 quokkas
  A ball python (D:2)
  3 frilled lizards
  A kobold (D:2)
  3 rats
38 creatures vanquished.

Notes
Turn   | Place    | Note
-------+----------+-------------------------------------------
     0 | D:1      | Amnesiac the Mummy Ice Elementalist began the quest for the
                  | Orb.
     0 | D:1      | Reached XP level 1. HP: 13/13 MP: 4/4
   151 | D:2      | Reached XP level 2. HP: 13/19 MP: 5/5
   467 | D:4      | Reached skill level 1 in Fighting
   467 | D:4      | Reached XP level 3. HP: 22/26 MP: 7/7
   565 | D:4      | Noticed Ijyb
   570 | D:5      | Entered Level 5 of the Dungeon
   620 | D:5      | Reached XP level 4. HP: 25/32 MP: 2/9
   685 | D:5      | Learned a level 4 spell: Throw Icicle
   833 | D:5      | Found Gywoer's Antique Armour Shop.
  1029 | D:5      | Reached XP level 5. HP: 23/37 MP: 4/11
  1052 | D:4      | Found a hide-covered altar of Uskayaw.
  1081 | D:4      | Noticed Grinder
  1087 | D:4      | Paralysed by Grinder for 4 turns
  1270 | D:4      | Slain by an orc

Vault maps used:
D:1:      lemuel_arrival_broad_hall
D:2:      serial_bayou_pond_d, kennysheep_crisscross
D:3:      gammafunk_wand_slinger, nrook_mini_backslash, serial_bayou_pond_c
D:4:      overflow_temple_1_default, minmay_temple_entry_nine_rooms,
          serial_shops, kennysheep_little_box, uniq_duvessa, uniq_ijyb,
          uniq_grinder
D:5:      first_ration, serial_shops, nicolae_shop_overgrown_old_shop,
          st_stairs_7, lightli_corner_chamber

Skill      XL: |  1  2  3  4 |
---------------+-------------+-----
Ice Magic      | 3 4 |  4.4
Spellcasting   | 3 4 |  4.3
Fighting       | 1 |  1.2
Dodging        | |  1.5
Stealth        | |  1.5
Conjurations   | |  0.7

Action                   |  1- 3 |  4- 6 || total
-------------------------+-------+-------++-------
Melee: Trident           |    40 |       ||    40
       Long sword        |       |    21 ||    21
 Cast: Freeze            |    12 |    39 ||    51
  Use: Scroll            |     5 |       ||     5
 Stab: Sleeping          |     1 |       ||     1
Armor: Robe              |     3 |       ||     3
       Ring mail         |    14 |    20 ||    34
Dodge: Dodged            |    32 |    26 ||    58
       Rpst.: Long sword |       |    10 ||    10

Table legend:
 A = Non-vault XP
 B = Vault XP
 C = Vault XP percentage of total XP
 D = Non-vault monster count
 E = Vault monster count
 F = Vault count percentage of total count
                 A         B        C        D         E       F
            +---------+---------+-------+---------+---------+-------
      Total |     291 |       3 |   1.0 |      37 |       1 |   2.6
            +---------+---------+-------+---------+---------+-------
        D:2 |      14 |       0 |   0.0 |       6 |       0 |   0.0
        D:3 |      11 |       0 |   0.0 |       6 |       0 |   0.0
        D:4 |      87 |       0 |   0.0 |      10 |       0 |   0.0
        D:5 |     179 |       3 |   1.6 |      15 |       1 |   6.2
            +---------+---------+-------+---------+---------+-------
